Construct Section Command Post
Construct Platoon Command Post
6-pounder Anti-tank Gun Team
Selects Air and Sea Battlegroup
Selects Commando Section Paradrop
Selects M1 Pack Howitzer Paradrop
Construct Company Command Post
Commando Section Paradrop
Unlock Bishop Self-propelled Artillery
Selects Anti-tank Rocket Loiter
Unlock Towed 17-pounder Anti-tank Guns
17-pounder Anti-tank Gun Team
Bishop Self-propelled Artillery
Unlock M3 Grant Medium Tanks
Selects Naval Bombardment
17-pounder Anti-tank Gun Team